 Dungeon Crawl Stone Soup version 0.29.1-15-g9cfb28693d (webtiles) character file.

Game seed: 5013443736848179090

954 domi the Geomancer (level 8, -4/59 HPs)
             Began as a Meteoran Earth Elementalist on Mar 31, 2023.
             Was a Follower of Cheibriados.
             Slain by a yak (8 damage)
             ... on level 6 of the Dungeon.
             The game lasted 00:07:41 (726 turns).

domi the Geomancer (Meteoran Earth Elementalist)     Turns: 726, Time: 00:07:42

Health: -4/59      AC:  5    Str: 11    XL:     8   Next: 63%
Magic:  2/18       EV: 14    Int: 19    God:    Cheibriados [*.....]
Gold:   115        SH:  0    Dex: 27    Spells: 9/19 levels left

rFire   . . .      SeeInvis .   (no weapon)
rCold   . . .      Faith    .   (no shield)
rNeg    . . .      Spirit   .   a - +0 robe
rPois   .          Reflect  .   (no helmet)
rElec   .          Harm     .   f - +2 cloak
rCorr   .          Rampage  .   (no gloves)
Will    +....      Rage     3%  (no boots)
Stlth   +.........              (no amulet)
HPRegen 0.19/turn               c - +6 ring of dexterity
MPRegen 0.16/turn               (no ring)

@: glowing, invisible (but backlit and visible), very slow
A: sense surroundings 1, otherworldly, glowing, explore regen, agile 1, berserk
1
a: Renounce Religion, Bend Time


You were on level 6 of the Dungeon.
You worshipped Cheibriados.
Cheibriados was aware of your devotion.
You visited 2 branches of the dungeon, and saw 7 of its levels.

You collected 115 gold pieces.

Inventory:

Armour
 a - a +0 robe (worn)
 f - a +2 cloak (worn)
   (You found it on level 2 of the Dungeon)
Jewellery
 c - a +6 ring of dexterity (left hand)
   (You found it on level 1 of the Dungeon)
Wands
 j - a wand of polymorph (7)
   (You found it on level 5 of the Dungeon)
Scrolls
 k - 2 scrolls of enchant weapon
Potions
 b - a potion of magic
 d - a potion of degeneration {unknown}
 e - a potion of berserk rage {unknown}
 i - 2 potions of invisibility


   Skills:
 + Level 1.1 Fighting
 + Level 2.8 Dodging
 - Level 1.4 Stealth
 + Level 6.1 Spellcasting
 + Level 5.5 Transmutations
 - Level 8.0 Earth Magic
 + Level 1.3 Invocations


You had 9 spell levels left.
You knew the following spells:

 Your Spells              Type           Power      Damage    Failure   Level
c - Petrify               Tmut/Erth      31%        N/A       7%          4
x - Stone Arrow           Conj/Erth      42%        3d9       6%          3
z - Sandblast             Erth           72%        2d16      1%          1
N - Passwall              Tmut/Erth      25%        N/A       1%          2

Your spell library contained the following spells:

 Spells                   Type           Power      Damage    Failure   Level
 Shock                    Conj/Air       20%        1d4       11%         1
 Swiftness                Air            5%         N/A       32%         3
 Airstrike                Air            2%         2d(1-17)  73%         4


Dungeon Overview and Level Annotations

Branches:
Dungeon (6/15) Zot: 4388   Temple (1/1) D:4 Zot: 869

Altars:
Cheibriados
Gozag
Hepliaklqana
Kikubaaqudgha
Nemelex Xobeh
Okawaru
Ru
Sif Muna
Uskayaw
Vehumet
Zin

Shops:
D:4 (


Innate Abilities, Weirdness & Mutations

You passively map a small area around you.
You are easily found by Zot.
You glow in the dark.
You regain HP and MP as you explore.
You are agile. (Dex +4, Str/Int -1)
You sometimes lose your temper in combat.


Message History

Cheibriados raises the support of your attributes as your movement slows.
Training target 8.0 for Earth Magic reached!
Your Earth Magic skill increases to level 8!
The gnoll sergeant hits your water moccasin with a +0 spear!
Something closely misses your water moccasin.
Your water moccasin dissolves into shadows!
Aim: a gnoll sergeant, wielding a +0 spear and wearing a +0 ring mail (79% to hit)
The stone arrow hits the gnoll sergeant.
Aim: a gnoll sergeant, wielding a +0 spear and wearing a +0 ring mail (moderately wounded, 79% to hit)
The stone arrow hits the gnoll sergeant!
The gnoll sergeant misses you.
Aim: a gnoll sergeant, wielding a +0 spear and wearing a +0 ring mail (severely wounded, 79% to hit)
The stone arrow misses the gnoll sergeant.
The stone arrow hits the gnoll!
You kill the gnoll!
Cheibriados appreciates the change of pace.
The gnoll sergeant misses you.
Your Transmutations skill increases to level 5!
Aim: a gnoll sergeant, wielding a +0 spear and wearing a +0 ring mail (severely wounded, 79% to hit)
The stone arrow misses the gnoll sergeant.
The gnoll sergeant hits you from afar with a +0 spear!
Aim: a gnoll sergeant, wielding a +0 spear and wearing a +0 ring mail (severely wounded, 79% to hit)
The stone arrow misses the gnoll sergeant.
The gnoll sergeant barely misses you.
You don't have enough magic to cast this spell.
Unknown command.
Aim: a gnoll sergeant, wielding a +0 spear and wearing a +0 ring mail (severely wounded, 79% to hit)
The stone arrow hits the gnoll sergeant!
You kill the gnoll sergeant!
Cheibriados appreciates the change of pace.
There is an open door here.
Okay, then.
There is a stone staircase leading down here.
You climb downwards.
There is a stone staircase leading up here.
Aim: an adder (asleep, 100% to hit)
The stone arrow hits the adder!!
You kill the adder!
Cheibriados appreciates the change of pace.
Found a stone staircase leading down.
You open the door.
There is an open door here.
h - 2 brown potions (gained 1)
A yak comes into view.
The yak bellows!
You hear a bellow!
A yak comes into view. x2
The yak bellows!
You hear a bellow! 3 yaks come into view.
The yak bellows! x2
An adder comes into view.
Aim: a yak (83% to hit)
The stone arrow hits the yak!!
The adder hisses angrily.
The yak bellows! x2
Aim: a yak (heavily wounded, 83% to hit)
The stone arrow hits the yak!
The yak closely misses you.
Aim: a yak (severely wounded, 83% to hit)
The stone arrow hits the yak!
You kill the yak!
Cheibriados appreciates the change of pace.
Your Fighting skill increases to level 1!
Your Spellcasting skill increases to level 6!
Your Invocations skill increases to level 1!
Okay, then.
Okay, then.
Unknown command.
Aim: a yak (83% to hit)
The stone arrow hits the yak!
Aim: a yak (moderately wounded, 83% to hit)
The stone arrow hits the yak!!
Aim: a yak (severely wounded, 83% to hit)
The stone arrow hits the yak!
The yak gores you! The yak attacks as you move away! The yak misses you.
The yak attacks as you move away! The yak barely misses you.
The yak attacks as you move away! The yak gores you! The yak barely misses you.
The yak gores you! The yak attacks as you move away! The yak gores you.
The yak gores you!
* * * LOW HITPOINT WARNING * * *
Okay, then.
It was a potion of invisibility.
You become transparent, but the glow from your body prevents you from becoming completely invisible.
The yak barely misses you. The yak gores you but does no damage.
Okay, then.
Okay, then.
It was a potion of curing.
You feel better. The adder closely misses you. The yak gores you.
* * * LOW HITPOINT WARNING * * *
The yak barely misses you.
Okay, then.
You feel better. The adder closely misses you. The yak gores you!
* * * LOW HITPOINT WARNING * * *
The yak gores you!
* * * LOW HITPOINT WARNING * * *
The yak barely misses you.
Okay, then.
It was a potion of mutation.
You feel extremely strange.
You feel a little pissed off.
You feel agile. The adder misses you. The adder bites you but does no damage.
The yak gores you but does no damage. The yak gores you!
You die...

######...<...+
#............# *
#............# * * *
#>...........##.. * , , *
#................
,###############......##*
#.....Y.......##.###.#
#.....YYY.....##.# .# *
#....YS@......#..# .
#...#######...#.### *
#...# #...#...## #..Y#
#...##...# +...#
#...'..#.# *#...#
#...####.# #...# #...# #
#...# **#...#*,,, #....
,,.....# ,


You could see 5 yaks and an adder.

Vanquished Creatures
  A yak (D:6)
  A water moccasin (D:5)
  An ogre (D:5)
  A centaur (D:5)
  A phantom (D:5)
  A gnoll sergeant (D:5)
  3 scorpions
  A jelly (D:4)
  An orc wizard (D:3)
  An iguana (D:5)
  Robin (D:3)
  A gnoll (D:5)
  3 adders
  2 worms
  2 dart slugs
  4 orcs
  A ball python (D:1)
  2 endoplasms
  A giant cockroach (D:3)
  7 goblins (D:3)
  4 hobgoblins (D:3)
  A jackal (D:5)
  4 kobolds
  A quokka (D:2)
  2 bats
  3 frilled lizards
51 creatures vanquished.

Vanquished Creatures (collateral kills)
  An orc wizard (D:5)
  2 gnolls (D:5)
  4 orcs (D:5)
7 creatures vanquished.

Vanquished Creatures (others)
  A plant (D:1)
1 creature vanquished.

Grand Total: 59 creatures vanquished

Notes
Turn   | Place    | Note
-------+----------+-------------------------------------------
     0 | D:1      | domi the Meteoran Earth Elementalist began the quest for
                  | the Orb.
     0 | D:1      | Reached XP level 1. HP: 14/14 MP: 5/5
    78 | D:1      | Reached XP level 2. HP: 20/20 MP: 3/6
    93 | D:2      | Reached skill level 4 in Earth Magic
    99 | D:2      | Reached skill level 3 in Spellcasting
    99 | D:2      | Reached XP level 3. HP: 22/26 MP: 5/8
   117 | D:2      | Found a sparkling altar of Nemelex Xobeh.
   163 | D:2      | Reached skill level 2 in Transmutations
   217 | D:3      | Found a faded altar of an unknown god.
   223 | D:3      | Noticed Robin
   228 | D:3      | Killed Robin
   229 | D:3      | Reached XP level 4. HP: 33/33 MP: 1/10
   286 | D:3      | Reached skill level 5 in Earth Magic
   286 | D:3      | Reached XP level 5. HP: 31/38 MP: 4/11
   331 | D:4      | Found a staircase to the Ecumenical Temple.
   343 | D:4      | Reached skill level 4 in Spellcasting
   343 | D:4      | Reached skill level 3 in Transmutations
   343 | D:4      | Reached XP level 6. HP: 26/45 MP: 6/13
   347 | Temple   | Entered the Ecumenical Temple
   358 | Temple   | Became a worshipper of Cheibriados the Contemplative
   372 | D:4      | Found Riacopur's Antique Weapon Boutique.
   406 | D:5      | Entered Level 5 of the Dungeon
   434 | D:5      | Noticed a water moccasin
   437 | D:5      | Killed a water moccasin
   438 | D:5      | Reached skill level 6 in Earth Magic
   442 | D:5      | Learned a level 3 spell: Stone Arrow
   445 | D:5      | Learned a level 2 spell: Passwall
   450 | D:5      | Learned a level 4 spell: Petrify
   457 | D:5      | Reached skill level 4 in Transmutations
   457 | D:5      | Reached XP level 7. HP: 50/50 MP: 10/15
   546 | D:5      | Reached skill level 5 in Spellcasting
   546 | D:5      | Reached skill level 7 in Earth Magic
   608 | D:5      | Reached XP level 8. HP: 57/57 MP: 9/16
   663 | D:5      | Reached * piety under Cheibriados
   664 | D:5      | Reached skill level 8 in Earth Magic
   669 | D:5      | Reached skill level 5 in Transmutations
   711 | D:6      | Noticed a yak
   711 | D:6      | Noticed a yak
   711 | D:6      | Noticed a yak
   712 | D:6      | Noticed a yak
   712 | D:6      | Noticed a yak
   712 | D:6      | Noticed a yak
   715 | D:6      | Killed a yak
   716 | D:6      | Reached skill level 1 in Fighting
   716 | D:6      | Reached skill level 6 in Spellcasting
   716 | D:6      | Reached skill level 1 in Invocations
   722 | D:6      | HP: 13/59 [yak (14)]
   725 | D:6      | HP: 4/59 [yak (8)]
   726 | D:6      | Gained mutation: You sometimes lose your temper in combat.
                  | [potion of mutation]
   726 | D:6      | Gained mutation: You are agile. (Dex +4, Str/Int -1)
                  | [potion of mutation]
   726 | D:6      | Slain by a yak

Illustrated notes

Levels and vault maps discovered:
D:1:      roderic_crop_circles_arrival_small, layout_loops_corners
D:2:      layout_loops_ring, basic_altar, serial_shops, nicolae_shop_waterfront
D:3:      layout_basic, shapermc_ecumenical_altar_starsandcircs,
          grunt_decor_junction, uniq_robin
D:4:      layout_basic, minmay_temple_entry_stoned_glass, serial_shops,
          nicolae_shop_waterfront
D:5:      layout_gridville, general_overflow_altar, minmay_bent
D:6:      layout_basic, ebering_ghost_gozag, kennysheep_path_1,
          chequers_serial_rivers_large_b
Temple:   hellmonk_temple_of_storms

Skill      XL: |  1  2  3  4  5  6  7  8 |
---------------+-------------------------+-----
Earth Magic    | 4 5 6 7 8 |  8.0
Spellcasting   | 3 4 5 6 |  6.1
Transmutations | 2 3 4 5 |  5.5
Fighting       | 1 |  1.1
Invocations    | 1 |  1.3
Dodging        | |  2.8
Stealth        | |  1.4

Action                   |  1- 3 |  4- 6 |  7- 9 || total
-------------------------+-------+-------+-------++-------
Melee: Unarmed           |     3 |     2 |     2 ||     7
       Punch             |     1 |       |       ||     1
 Cast: Sandblast         |    31 |    37 |     5 ||    73
       Stone Arrow       |       |       |    22 ||    22
  Use: Scroll            |       |     1 |     3 ||     4
       Potion            |       |       |     4 ||     4
Armor: Robe              |     2 |    16 |     4 ||    22
Dodge: Dodged            |     6 |    26 |    20 ||    52

Table legend: (Time is in decaauts)
 A = Elapsed time spent in this place.
 B = Non-inter-level travel time spent in this place.
 C = Inter-level travel time spent in this place.
 D = Time resting spent in this place.
 E = Time spent auto-exploring this place.
 F = Levels seen in this place.
 G = Mean time per level.
                   A        B        C        D        E       F      G
               +--------+--------+--------+--------+--------+-----+--------+
         Total |    847 |    835 |     12 |      0 |      0 |   7 |  121.0 |
       Dungeon |    822 |    822 |      0 |      0 |      0 |   6 |  137.0 |
        Temple |     25 |     13 |     12 |      0 |      0 |   1 |   25.0 |
               +--------+--------+--------+--------+--------+-----+--------+

Top non-repeatable levels by time:
     D:5: 343 daAuts
     D:2: 126 daAuts
     D:3: 118 daAuts
     D:4: 89 daAuts
     D:1: 88 daAuts
     D:6: 57 daAuts
  Temple: 25 daAuts

Table legend:
 A = Kills in this place as a percentage of kills in entire the game.
 B = Kills by you in this place as a percentage of kills by you in the entire game.
 C = Kills by friends in this place as a percentage of kills by friends in the entire game.
 D = Other kills in this place as a percentage of other kills in the entire game.
 E = Experience gained in this place as a percentage of experience gained in the entire game.
 F = Experience gained in this place divided by the number of levels of this place that you have seen.
                   A       B       C       D       E      F
               +-------+-------+-------+-------+-------+----------------------
         Total | 100.0 | 100.0 | 100.0 |   N/A | 100.0 | 194.7
       Dungeon | 100.0 | 100.0 | 100.0 |   N/A | 100.0 | 227.2
               +-------+-------+-------+-------+-------+----------------------
